 Dungeon Crawl Stone Soup version 0.31-a0-977-gc230f8ef24 (webtiles) character file.

Game seed: 11506435401987758999

3141 Dirtsage the Martial Artist (level 9, -2/62 HPs)
             Began as an Octopode Shapeshifter on Oct 29, 2023.
             Was a Follower of Wu Jian.
             Slain by a gnoll
             ... wielding a +0 flail
             ... led by a gnoll bouda
              (9 damage)
             ... on level 8 of the Dungeon.
             The game lasted 00:14:27 (7546 turns).

Dirtsage the Martial Artist (Octopode Shapeshifter) Turns: 7546, Time: 00:14:27

Health: -2/62      AC:  1    Str: 14    XL:     9   Next: 93%
Magic:  18/18      EV: 13    Int: 12    God:    Wu Jian [*.....]
Gold:   388        SH:  0    Dex: 15    Spells: 5/8 levels left

rFire   . .          .
                       - Unarmed
rCold   . . .        (no shield)
rNeg    . . .        (helmet currently unavailable)
rPois   .            (no amulet)
rElec   .            A - ring of magical power
rCorr   .            (no ring)
SInv    .            (no ring)
Will    +....        (no ring)
Stlth   ++           (no ring)
HPRegen 0.30/turn    (no ring)
MPRegen 0.16/turn    (no ring)
                     (no ring)

%: no passive effects
@: beast-form, enlightened, flying
A: beast (slay +4), almost no armour, amphibious, 8 rings, camouflage 1,
gelatinous body 1, (nimble swimmer 1), tentacles
a: Begin Untransformation, Renounce Religion


You were on level 8 of the Dungeon.
You worshipped Wu Jian.
Wu Jian was aware of your devotion.
You were a hulking beast.
You visited 1 branch of the dungeon, and saw 8 of its levels.

You collected 388 gold pieces.

Inventory:

Missiles
 q - 2 throwing nets
Magical Staves
 u - a staff of death
Jewellery
 A - a ring of magical power (left tentacle)
Talismans
 b - a beast talisman
 c - a flux talisman
 k - a flux talisman
 x - a blade talisman
 B - a maw talisman
Wands
 g - a wand of polymorph (13)
 p - a wand of charming (29)
 y - a wand of roots (14)
 z - a wand of mindburst (32)
Scrolls
 f - a scroll of enchant armour
 j - a scroll of silence
 l - 2 scrolls of immolation
 o - 2 scrolls of poison
 r - 2 scrolls of amnesia
 s - 3 scrolls of fog
 t - 6 scrolls of teleportation
 v - 2 scrolls of noise
 w - a scroll of butterflies
 D - a scroll of blinking {unknown}
Potions
 a - a potion of mutation {unknown}
 d - a potion of ambrosia {unknown}
 e - 2 potions of enlightenment
 h - a potion of degeneration {unknown}
 m - 3 potions of curing {unknown}
 n - 2 potions of might {unknown}
 C - a potion of brilliance {unknown}
 E - a potion of attraction {unknown}


   Skills:
 + Level 5.7 Fighting
 - Level 2.0 Dodging
 * Level 8.9 Unarmed Combat
 + Level 3.3 Summonings
 * Level 8.2 Shapeshifting


You had 5 spell levels left.
You knew the following spells:

 Your Spells              Type           Power      Damage    Failure   Level
c - Call Canine Familiar  Summ           8%         N/A       26%         3

Your spell library contained the following spells:

 Spells                   Type           Power      Damage    Failure   Level
 Summon Small Mammal      Summ           32%        N/A       9%          1
 Apportation              Tloc           0%         N/A       32%         1
 Blink                    Tloc           0%         N/A       45%         2
 Jinxbite                 Hex            0%         N/A       45%         2
 Lesser Beckoning         Tloc           0%         N/A       45%         2
 Momentum Strike          Conj/Tloc      0%         3d8       45%         2
 Scorch                   Fire           0%         2d5       45%         2
 Summon Guardian Golem    Hex/Summ       4%         N/A       45%         3
 Dazzling Flash           Conj/Hex       0%         N/A       69%         3
 Gell's Gravitas          Tloc           0%         N/A       69%         3
 Teleport Other           Tloc           0%         N/A       69%         3
 Volatile Blastmotes      Fire/Tloc      0%         2d10      69%         3
 Animate Dead             Necr           0%         N/A       97%         4
 Cause Fear               Hex            0%         N/A       97%         4
 Flame Wave               Conj/Fire      0%         2d4       97%         4
 Alistair's Intoxication  Tmut/Pois      0%         N/A       100%        5
 Fireball                 Conj/Fire      0%         3d3       100%        5
 Dispersal                Tloc           0%         N/A       100%        6
 Starburst                Conj/Fire      0%         6d3       100%        6
 Summon Cactus Giant      Summ           4%         N/A       100%        6
 Haunt                    Necr/Summ      2%         N/A       100%        7
 Infestation              Necr           0%         N/A       100%        8
 Maxwell's Capacitive Co  Air            0%         ∞         100%        8
 Dragon's Call            Summ           4%         N/A       100%        9


Dungeon Overview and Level Annotations

Branches:
Dungeon (8/15)             Temple (0/1) D:6
   Lair: D:8-11

Altars:
Ashenzari
Cheibriados
Fedhas
Kikubaaqudgha
Nemelex Xobeh
Qazlal
Sif Muna
Wu Jian
Yredelemnul
Zin

Shops:
D:4 =   D:5 =


Innate Abilities, Weirdness & Mutations

You are a hulking beast.
Your limbs bulge with bestial killing power. (Slay +4)
You cannot wear most types of armour.
You are amphibious.
You can wear up to eight rings at the same time.
Your skin changes colour to match your surroundings (Stealth+).
Your rubbery body absorbs attacks. (AC +1, EV +1)
((You are camouflaged when in or above water. (Stealth+)))
You have tentacles for arms and can constrict up to eight enemies at once.


Message History

The Council accepts your kill.
You bludgeon the gnoll! Your grab misses the gnoll.
The gnoll is almost dead.
The gnoll bouda hits you with a +0 whip.
The gnoll hits you with a +0 club.
You take 6 damage, and have 34/62 hp.
You tentacle-slap the gnoll but do no damage.
You grab the gnoll. You squeeze the gnoll.
You kill the gnoll!
The Council accepts your kill. The gnoll barely misses you.
The gnoll bouda hits you with a +0 whip!
You take 8 damage, and have 26/62 hp.
You tentacle-slap the gnoll but do no damage.
Your grab misses the gnoll. You squeeze the gnoll.
The gnoll is moderately wounded.
The gnoll hits you with a +0 flail!
* * * LOW HITPOINT WARNING * * *
The gnoll bouda calls upon its god to heal the gnoll.
The gnoll's wounds heal themselves!
You take 10 damage, and have 16/62 hp.
You tentacle-slap the gnoll. Your grab misses the gnoll.
The gnoll is heavily wounded.
The gnoll barely misses you.
The gnoll bouda calls upon its god to heal the gnoll.
The gnoll is healed somewhat.
You tentacle-slap the gnoll. You grab the gnoll.
The gnoll is heavily wounded.
You constrict the gnoll. The gnoll hits you with a +0 flail.
* * * LOW HITPOINT WARNING * * *
The gnoll bouda hits you with a +0 whip.
* * * LOW HITPOINT WARNING * * *
You take 9 damage, and have 7/62 hp.
It was a potion of enlightenment.
You feel very buoyant.
You fly up into the air.
Your attacks no longer feel as feeble.
You constrict the gnoll.
The gnoll is no longer moving quickly.
The gnoll hits you with a +0 flail!
You die...

....#....#
#...#....# ...
#...##.#.#####
....#...#........#
....#......#.###.#
...[....##.....#.#
.........(.......#
#...........g....#
+.........)))h...#
.##.>.!.(..g......#
#........~~..##.#
#.....(.......#.#
#.......$(....#
........##.#.##...
........##.#.# ####
~~.......##.#.#
~≈..)....# .#


You could see a gnoll bouda and a gnoll.

Vanquished Creatures
  Pikel (D:4)
  Grinder (D:3)
  Prince Ribbit (D:6)
  A slime creature (D:7)
  A wyvern (D:8)
  Eustachio (D:4)
  Menkaure (D:6)
  A sky beast (D:7)
  2 ice beasts (D:6)
  An ogre (D:5)
  2 centaurs
  A bullfrog (D:7)
  A scorpion (D:5)
  7 killer bees (D:7)
  A bullfrog zombie (D:7)
  A gnoll bouda (D:7)
  5 hounds
  4 jellies
  A sleepcap (D:6)
  An iguana (D:4)
  An orc wizard (D:3)
  Ijyb (D:5)
  A killer bee zombie (D:7)
  12 gnolls
  9 adders
  A white imp (D:6)
  2 ufetubi (D:7)
  3 worms
  5 dart slugs
  7 orcs
  4 bats
  7 endoplasms
  3 giant cockroaches
  9 goblins
  10 hobgoblins
  6 jackals
  A quokka (D:3)
  7 ball pythons
  4 frilled lizards
  8 kobolds
  4 rats
140 creatures vanquished.

Vanquished Creatures (others)
  A lemure (D:4)
1 creature vanquished.

Grand Total: 141 creatures vanquished

Notes
Turn   | Place    | Note
-------+----------+-------------------------------------------
     0 | D:1      | Dirtsage the Octopode Shapeshifter began the quest for the
                  | Orb.
     0 | D:1      | Reached XP level 1. HP: 13/13 MP: 1/1
   115 | D:1      | Reached XP level 2. HP: 18/18 MP: 2/2
   813 | D:1      | Reached XP level 3. HP: 12/23 MP: 3/3
   835 | D:2      | Found a sparkling altar of Nemelex Xobeh.
  1393 | D:2      | Reached XP level 4. HP: 29/29 MP: 4/4
  2021 | D:3      | Found a glowing silver altar of Zin.
  2309 | D:3      | Reached XP level 5. HP: 20/34 MP: 5/5
  2919 | D:3      | Noticed Grinder
  2933 | D:3      | Killed Grinder
  2934 | D:3      | Reached skill level 5 in Unarmed Combat
  2934 | D:3      | Reached XP level 6. HP: 39/41 MP: 6/6
  3392 | D:4      | Found a snail-covered altar of Cheibriados.
  3485 | D:4      | Reached skill level 5 in Shapeshifting
  3512 | D:4      | Found Fathyck's Jewellery Shop.
  3533 | D:4      | Noticed Eustachio
  3545 | D:4      | Killed Eustachio
  3546 | D:4      | Reached XP level 7. HP: 26/46 MP: 7/7
  3807 | D:4      | Noticed Pikel
  3823 | D:4      | Killed Pikel
  3824 | D:4      | Reached XP level 8. HP: 28/54 MP: 8/8
  3924 | D:4      | Found a stormy altar of Qazlal.
  4263 | D:4      | Found an ornate altar of the Wu Jian Council.
  4277 | D:4      | Became a worshipper of the Wu Jian Council
  4298 | D:5      | Entered Level 5 of the Dungeon
  4393 | D:5      | Found a blossoming altar of Fedhas.
  4570 | D:5      | Learned a level 3 spell: Call Canine Familiar
  4832 | D:5      | Found Awoonoud's One-of-a-Kind Rings.
  5076 | D:5      | Noticed Ijyb
  5078 | D:5      | Killed Ijyb
  5318 | D:6      | Found a shimmering blue altar of Sif Muna.
  5326 | D:6      | Reached skill level 1 in Summonings
  5356 | D:6      | Found an ancient bone altar of Kikubaaqudgha.
  5392 | D:6      | Noticed Prince Ribbit
  5408 | D:6      | Noticed Menkaure
  5412 | D:6      | Killed Prince Ribbit
  5413 | D:6      | Reached XP level 9. HP: 29/60 MP: 9/9
  5442 | D:6      | Killed Menkaure
  5443 | D:6      | Reached skill level 5 in Fighting
  5890 | D:6      | Found a broken altar of Ashenzari.
  6038 | D:6      | Found a staircase to the Ecumenical Temple.
  6424 | D:7      | Noticed Jeremiah
  6427 | D:7      | Jeremiah changed into Jeremiah the slime creature
  6427 | D:7      | Noticed Jeremiah
  6435 | D:7      | Killed Jeremiah the slime creature
  6533 | D:7      | Identified the +4 whip "Niduep" {freeze, rCorr Dex+2 SInv}
  6598 | D:7      | Reached * piety under Wu Jian
  7354 | D:7      | Found a basalt altar of Yredelemnul.
  7546 | D:8      | Slain by a gnoll

Illustrated notes

Levels and vault maps discovered:
D:1:      dpeg_arrival_stone_temple_mockup, layout_basic
D:2:      layout_basic, basic_altar
D:3:      layout_loops_corners, zin_academy, lexackson_kobold_supper,
          uniq_grinder
D:4:      layout_basic, slow_altar_1, nicolae_wu_jian_immortal_techniques,
          mainiacjoe_overflow_surrounded_room, serial_shops, shop, uniq_pikel,
          uniq_eustachio
D:5:      cheibrodos_quashed, layout_basic, fedhas_altar_fruit_tree,
          nicolae_shop_unique_rings, kb_lookout_dungeons_type, uniq_ijyb
D:6:      layout_cave_pools, evilmike_ruin_ashenzari,
          grunt_temple_overflow_open, minmay_temple_entry_slanted,
          grunt_ministairs_7, minivault_11, uniq_menkaure, uniq_prince_ribbit1
D:7:      layout_cave_pools, lemuel_zombie_altar_yredelemnul, eino_jars,
          uniq_jeremiah
D:8:      layout_basic, nicolae_ossuary_entry_plus, enter_bailey_3,
          minmay_shop_mayhem

Skill      XL: |  1  2  3  4  5  6  7  8  9 |
---------------+----------------------------+-----
Unarmed Combat | 4 5 6 7 8 |  8.9
Fighting       | 2 3 4 5 |  5.7
Shapeshifting  | 4 5 6 7 8 |  8.2
Summonings     | 1 3 |  3.3
Dodging        | |  2.0

Action                     |  1- 3 |  4- 6 |  7- 9 || total
---------------------------+-------+-------+-------++-------
  Melee: Unarmed           |    56 |    93 |   161 ||   310
         Constrict         |    13 |    27 |    33 ||    73
         Tentacles         |     9 |    20 |    37 ||    66
         Punch             |     2 |     3 |     7 ||    12
  Throw: Throwing net      |       |     3 |     1 ||     4
Ability: Lunge             |       |       |    25 ||    25
  Evoke: Wand              |       |       |     4 ||     4
    Use: Scroll            |       |     5 |     5 ||    10
         Potion            |       |       |     2 ||     2
   Stab: Sleeping          |     6 |     4 |     5 ||    15
         Held in net/web   |       |       |     1 ||     1
 Armour: Skin              |    28 |    30 |    82 ||   140
  Dodge: Dodged            |    31 |    47 |    84 ||   162

Table legend: (Time is in decaauts)
 A = Elapsed time spent in this place.
 B = Non-inter-level travel time spent in this place.
 C = Inter-level travel time spent in this place.
 D = Time resting spent in this place.
 E = Time spent auto-exploring this place.
 F = Levels seen in this place.
 G = Mean time per level.
                   A        B        C        D        E       F      G
               +--------+--------+--------+--------+--------+-----+--------+
         Total |   7512 |   7331 |    181 |    295 |   5914 |   8 |  939.0 |
       Dungeon |   7512 |   7331 |    181 |    295 |   5914 |   8 |  939.0 |
               +--------+--------+--------+--------+--------+-----+--------+

Top non-repeatable levels by time:
     D:3: 1325 daAuts
     D:2: 1160 daAuts
     D:7: 1074 daAuts
     D:5: 1018 daAuts
     D:6: 999 daAuts
     D:4: 969 daAuts
     D:1: 826 daAuts
     D:8: 139 daAuts
